 Dungeon Crawl Stone Soup version 0.23-a0-310-gdcc7a32 (webtiles) character file.

137422 galech the Severer (level 16, -17/139 HPs)
             Began as a Demonspawn Fighter on Oct 12, 2018.
             Was the Champion of Okawaru.
             Demolished by a stone giant (23 damage)
             ... on level 1 of the Depths.
             The game lasted 01:04:12 (33631 turns).

galech the Severer (Demonspawn Fighter)            Turns: 33631, Time: 01:04:13

Health: -17/139    AC: 16    Str: 23    XL:     16   Next: 69%
Magic:  0/19       EV: 25    Int: 14    God:    Okawaru [******]
Gold:   2720       SH: 16    Dex: 27    Spells: 15/15 levels left

rFire    + + .     SeeInvis +   V - +1 broad axe (chop)
rCold    + + .     Gourm    .   c - +0 shield
rNeg     . . .     Faith    .   L - +0 ring mail "Fecib" {*Contam rElec Str+3 Dex+3}
rPois    .         Spirit   +   F - +1 helmet {Int+3}
rElec    +         Reflect  .   j - scarf {rC+ rF+}
rCorr    .         Harm     .   x - +1 pair of gloves
MR       ++...                  (no boots)
Stlth    +++++.....             I - amulet "Yleopsou" {Spirit Fragile MR+ Str+4 Slay+2}
HPRegen  0.33/turn              G - ring of Hith {rElec rF+ Dex+5}
MPRegen  0.16/turn              U - ring of see invisible

@: heroism
A: hooves 2, rugged brown scales 3, cold resistance 1, demonic guardian 1,
freezing cloud immunity
a: Heroism, Finesse, Renounce Religion


You were on level 1 of the Depths.
You worshipped Okawaru.
Okawaru was exalted by your worship.
You were not hungry.

You visited 4 branches of the dungeon, and saw 25 of its levels.
You also visited: Labyrinth and Ice Cave.

You collected 3183 gold pieces.
You spent 463 gold pieces at shops.

Inventory:

Hand Weapons
 p - a +2 hand axe of draining
 V - a +1 broad axe of chopping (weapon)
Armour
 c - a +0 shield (worn)
 j - a scarf of resistance (worn)
 x - a +1 pair of gloves (worn)
 D - a +0 cloak of magic resistance
 F - a +1 helmet of intelligence (worn)
 L - the +0 ring mail "Fecib" (worn) {*Contam rElec Str+3 Dex+3}
   (Okawaru gifted it to you on level 2 of the Orcish Mines)

   It affects your strength (+3).
   It affects your dexterity (+3).
   It insulates you from electricity.
   It causes magical contamination when unequipped.
 P - +0 ice dragon scales
 Q - a scarf of spirit shield
 X - +0 fire dragon scales
Jewellery
 G - the ring of Hith (left hand) {rElec rF+ Dex+5}
   (You found it on level 7 of the Dungeon)

   [ring of protection from fire]

   It affects your dexterity (+5).
   It protects you from fire.
   It insulates you from electricity.
 H - the amulet of Okhlesk {Reflect rPois Int+4 SH+3}
   (You found it on level 7 of the Dungeon)

   [amulet of reflection]

   It shields you and reflects attacks.
   It affects your intelligence (+4).
   It protects you from poison.
   It affects your SH (+3).
 I - the amulet "Yleopsou" (around neck) {Spirit Fragile MR+ Str+4 Slay+2}
   (You found it on level 7 of the Dungeon)

   [amulet of guardian spirit]

   It causes incoming damage to be split between your health and magic.
   It affects your strength (+4).
   It affects your accuracy and damage with ranged weapons and melee attacks
   (+2).
   It affects your resistance to hostile enchantments.
   It will be destroyed if unequipped.
 J - the ring of Xom's Vengeance {+Fly rN+}
   (You found it on level 7 of the Dungeon)

   [ring of flight]

   It protects you from negative energy.
   It lets you fly.
 R - an uncursed ring of protection from fire
 U - a ring of see invisible (right hand)
Wands
 A - a wand of random effects (27)
 B - a wand of digging (19)
 S - a wand of flame (45)
Scrolls
 a - a scroll of acquirement
 b - 2 scrolls of immolation
 e - 8 scrolls of blinking
 g - 3 scrolls of identify
 h - 12 scrolls of teleportation
 i - 4 scrolls of enchant weapon
 l - 7 scrolls of amnesia
 o - 6 scrolls of fear
 t - 11 scrolls of remove curse
 v - 10 scrolls of enchant armour
 y - 2 scrolls of fog
 C - a scroll of magic mapping
 M - 3 scrolls of silence
 T - a scroll of brand weapon
Potions
 d - 3 potions of might
 k - 5 potions of brilliance
 m - 7 potions of agility
 n - 4 potions of lignification
 r - 8 potions of flight
 s - 2 potions of berserk rage
 u - a potion of ambrosia
 w - 4 potions of heal wounds
 z - 7 potions of invisibility
 E - 7 potions of degeneration
 K - a potion of cancellation
 N - 4 potions of haste
 O - a potion of mutation
 W - 8 potions of curing
Comestibles
 f - 54 rations
 q - 3 chunks of flesh


   Skills:
 + Level 13.0(18.0) Fighting
 + Level 17.0(22.0) Axes
 + Level 9.0(14.0) Armour
 + Level 8.5(13.5) Dodging
 + Level 7.7(12.7) Stealth
 + Level 12.4(17.4) Shields
 + Level 4.8 Invocations
 + Level 1.3 Evocations


You had 15 spell levels left.
You didn't know any spells.
Your spell library contained the following spells:

 Spells                   Type           Power        Failure   Level  Hunger
 Apportation              Tloc           #.....       36%         1    ##.....
 Confusing Touch          Hex            #.....       36%         1    ##.....
 Corona                   Hex            #......      36%         1    ##.....
 Sting                    Conj/Pois      #...         36%         1    ##.....
 Summon Butterflies       Summ           #.......     36%         1    ##.....
 Poisonous Vapours        Pois/Air       #.....       52%         2    ###....
 Slow                     Hex            #.......     52%         2    ###....
 Call Canine Familiar     Summ           #.......     75%         3    ####...
 Confuse                  Hex            #.......     75%         3    ####...
 Gell's Gravitas          Tloc           #.........   75%         3    ####...
 Inner Flame              Hex/Fire       #.......     75%         3    ####...
 Lesser Beckoning         Tloc           #.........   75%         3    ####...
 Mephitic Cloud           Conj/Pois/Air  #.......     75%         3    ####...
 Portal Projectile        Hex/Tloc       #.....       75%         3    ####...
 Tukima's Dance           Hex            #.......     75%         3    ####...
 Cause Fear               Hex            #.........   98%         4    #####..
 Leda's Liquefaction      Hex/Erth       #.........   98%         4    #####..
 Olgreb's Toxic Radiance  Pois           #.......     98%         4    #####..
 Petrify                  Tmut/Erth      #.......     98%         4    #####..
 Summon Ice Beast         Ice/Summ       #.......     98%         4    #####..
 Alistair's Intoxication  Tmut/Pois      #.......     100%        5    ######.
 Metabolic Englaciation   Hex/Ice        #.........   100%        5    ######.
 Summon Mana Viper        Hex/Summ       #.......     100%        5    ######.
 Venom Bolt               Conj/Pois      #.........   100%        5    ######.
 Yara's Violent Unravell  Hex/Tmut       #.........   100%        5    ######.
 Invisibility             Hex            #.......     100%        6    #######
 Summon Hydra             Summ           #.........   100%        7    #######


Dungeon Overview and Level Annotations

Branches:
Dungeon (15/15)            Temple (0/1) D:4            Lair (6/6) D:11
  Swamp (0/4) Lair:2       Spider (0/4) Lair:2        Slime (0/5) Lair:6
    Orc (2/2) D:10            Elf (0/3) Orc:2        Vaults (0/5) D:14
 Depths (2/5) D:15

Altars:
Dithmenos
Gozag
Hepliaklqana
Kikubaaqudgha
Makhleb
Okawaru
Qazlal
Sif Muna
Trog
Vehumet
Wu Jian
Xom
Beogh
Jiyva

Shops:
D:10 [(   D:12 [   Orc:2 =}?[   Depths:1 *!

Portals:
Hell: Depths:1
Abyss: Depths:1

Annotations:
Depths:1 3 runed doors, Vamoegor's ghost, journeyman SpBe


Innate Abilities, Weirdness & Mutations

You have hoof-like feet.
You are completely covered in rugged brown scales. (AC +3, +7% HP)
Your flesh is cold resistant. (rC+)
A weak demonic guardian rushes to your aid.
You are immune to freezing clouds.


Message History

You slice the slime creature!!
You block the slime creature's attack. x2
The stone giant hits you!
* * * LOW HITPOINT WARNING * * *
You slash the slime creature! You kick the slime creature.
The slime creature is almost dead.
You slash the slime creature!
You hit the stone giant but do no damage.
The slime creature misses you.
You slice the slime creature!!
You kill the slime creature!
Okawaru accepts your kill.
You slice the slime creature!!
You kill the slime creature!
Okawaru accepts your kill.
You hit the stone giant but do no damage.
The stone giant closely misses you.
You chop the stone giant into pieces!!! You kick the stone giant.
The stone giant is heavily wounded.
The stone giant hits you!!
You die...

#....§....#..#.........####......
...≈§.≈≈................###......
...≈§≈§§................#........
....≈≈...(......≈.......#.....##.
...§...........[[.§≈.........####
..§≈§...........>.≈≈≈.......#####
.≈§§§...........................#
.≈§§≈.........#C.............##.#
................@...........###.#
≈.......§...........#...)...# ♣.♣
≈§.........§............##..#♣♣.♣
≈≈........≈§.....................
§........§§≈.≈.........∩....#♣♣.♣
......§.....§.......≈§§.....# ♣.♣
......§§#####........§§§....###.#
[.......§..#.........§≈≈.....##.#
........§§....................#..


You could see a stone giant.

Vanquished Creatures
  A lich (D:15)
  Kirke (D:12)
  A tengu reaver (Depths:1)
  2 very ugly things (D:15)
  3 stone giants
  Nessos (Lair:6)
  A minotaur (Lab)
  An ettin (Depths:1)
  3 fire dragons
  3 ogre magi
  A yaktaur captain (D:15)
  An anaconda (shapeshifter) (D:15)
  2 ice dragons
  7 centaur warriors
  10 hydras
  13 two-headed ogres
  A death knight (D:14)
  4 deep troll earth magi
  6 death yaks (Lair:5)
  A spriggan berserker (Depths:1)
  2 tengu warriors (D:15)
  4 deep troll shamans
  3 orc high priests (Orc:2)
  Nergalle (D:12)
  A skeletal warrior (D:14)
  An iron troll (D:15)
  7 deep trolls
  3 unseen horrors
  Pikel (D:4)
  A harpy (shapeshifter) (D:12)
  10 orc knights
  An orb spider (Lair:2)
  A deep elf mage (D:15)
  An oklob plant (Lair:1)
  2 salamanders (Depths:1)
  2 wolf spiders (Lair:6)
  3 cyclopes
  13 ugly things
  5 orc sorcerers
  4 manticores
  6 elephants (Lair:4)
  10 black mambas
  3 centaur zombies
  A gargoyle (D:13)
  2 ice statues (IceCv)
  6 spiny frogs
  A torpor snail (Lair:3)
  2 rime drakes
  5 komodo dragons
  5 yaktaurs
  2 kobold demonologists (D:13)
  5 tengu conjurers
  7 trolls
  A queen bee (Lair:3)
  13 polar bears
  3 hornets
  6 meliai (D:15)
  7 slime creatures
  A raiju (Lair:6)
  A raiju (shapeshifter) (D:14)
  5 blink frogs (Lair:4)
  6 hippogriffs
  4 wraiths
  2 redbacks (Lair:6)
  Sigmund (D:4)
  4 shadows
  41 yaks
  13 wyverns
  4 basilisks
  A hog (D:12)
  9 hungry ghosts
  6 wargs (Lair:6)
  An acid dragon (D:11)
  20 water moccasins
  14 hell hounds (Lair:6)
  9 porcupines
  28 orc warriors
  11 black bears (Lair:6)
  16 ice beasts
  5 sky beasts
  A necrophage (D:6)
  A phantom (D:8)
  21 wolves
  6 boggarts
  12 ogres
  8 centaurs
  4 big kobolds
  19 bullfrogs
  13 crocodiles
  A water moccasin zombie (D:11)
  3 water moccasin skeletons
  24 killer bees
  3 scorpions
  4 wights
  6 howler monkeys
  2 bullfrog zombies
  13 crimson imps
  2 quasits (D:7)
  8 centaur skeletons
  23 orc priests
  2 gnoll shamans
  A bullfrog skeleton (D:9)
  7 hounds
  3 jellies
  6 iguanas
  16 worker ants
  18 orc wizards
  A hound skeleton (D:9)
  2 worker ant zombies
  17 gnolls
  7 adders
  A howler monkey skeleton (D:11)
  3 shadow imps
  An ooze (D:6)
  3 adder zombies
  4 adder skeletons
  5 worms
  3 dart slugs
  7 leopard geckos
  78 orcs
  3 bats
  4 giant cockroaches
  10 goblins
  8 hobgoblins
  5 jackals
  22 kobolds
  4 quokkas
  6 frilled lizards
  A quokka zombie (D:9)
  4 rats
  A bush (Lair:6)
  A fungus (Lair:4)
  11 plants
855 creatures vanquished.

Vanquished Creatures (collateral kills)
  A fire dragon (Depths:1)
  2 two-headed ogres
  A wolf spider zombie (D:15)
  Maurice (D:10)
  A black mamba (Lair:6)
  A guardian serpent (Lair:6)
  A troll (D:11)
  A hornet (D:7)
  A shadow (D:7)
  A yak (D:12)
  2 wargs (Orc:1)
  An orc warrior (D:10)
  An ice beast (IceCv)
  A sky beast (D:6)
  An ogre (D:4)
  3 centaurs
  2 howler monkeys
  2 crimson imps
  3 centaur skeletons
  2 orc wizards
  An adder (D:5)
  A gnoll (Orc:2)
  3 orcs
  2 jackals (D:6)
  A frilled lizard (D:2)
  A plant (Lair:1)
38 creatures vanquished.

Vanquished Creatures (others)
  A black mamba (Lair:6)
  A human (D:12)
  3 boggarts
  2 killer bees (D:12)
  2 hounds
  An orc wizard (D:14)
  3 orcs
  9 fungi
  8 plants
30 creatures vanquished.

Grand Total: 923 creatures vanquished

Notes
Turn   | Place    | Note
-------+----------+-------------------------------------------
     0 | D:1      | galech the Demonspawn Fighter began the quest for the Orb.
     0 | D:1      | Reached XP level 1. HP: 18/18 MP: 1/1
   176 | D:1      | Gained mutation: A weak demonic guardian rushes to your
                  | aid. [demonic ancestry]
   176 | D:1      | Reached XP level 2. HP: 24/24 MP: 2/2
   265 | D:1      | Reached skill level 2 in Axes
   838 | D:1      | Reached XP level 3. HP: 5/29 MP: 3/3
  1108 | D:2      | Reached XP level 4. HP: 29/35 MP: 4/4
  1897 | D:2      | Reached skill level 3 in Axes
  2066 | D:3      | Gained mutation: You are partially covered in rugged brown
                  | scales. (AC +1, +3% HP) [demonic ancestry]
  2066 | D:3      | Reached XP level 5. HP: 9/42 MP: 5/5
  2670 | D:3      | Found an iron altar of Okawaru.
  2678 | D:3      | Became a worshipper of Warmaster Okawaru
  2993 | D:4      | Reached skill level 1 in Dodging
  2994 | D:4      | Noticed an ogre
  3000 | D:4      | Killed an ogre
  3157 | D:4      | Found a deep blue altar of Sif Muna.
  3160 | D:4      | Found a radiant altar of Vehumet.
  3160 | D:4      | Found a bloodstained altar of Trog.
  3163 | D:4      | Found an ancient bone altar of Kikubaaqudgha.
  3406 | D:4      | Reached XP level 6. HP: 38/49 MP: 6/6
  3521 | D:4      | Noticed Sigmund
  3532 | D:4      | Killed Sigmund
  3532 | D:4      | Reached * piety under Okawaru
  3532 | D:4      | Reached skill level 4 in Axes
  4309 | D:4      | Found a staircase to the Ecumenical Temple.
  4417 | D:5      | Entered Level 5 of the Dungeon
  4428 | D:5      | Gained mutation: Your flesh is cold resistant. (rC+)
                  | [demonic ancestry]
  4428 | D:5      | Reached XP level 7. HP: 54/55 MP: 7/7
  4506 | D:5      | Noticed Pikel
  4878 | D:4      | Killed Pikel
  4878 | D:4      | Reached skill level 5 in Axes
  5167 | D:5      | Reached ** piety under Okawaru
  5275 | D:5      | Found an opulent altar of Gozag.
  5509 | D:5      | HP: 2/56 [something (3)]
  6357 | D:6      | Gained mutation: You have large cloven feet. [demonic
                  | ancestry]
  6357 | D:6      | Reached XP level 8. HP: 62/62 MP: 8/8
  6664 | D:6      | Reached skill level 6 in Axes
  6664 | D:6      | Reached skill level 5 in Shields
  6913 | D:6      | Reached skill level 5 in Fighting
  7053 | D:6      | Found a shadowy altar of Dithmenos.
  7607 | D:6      | Reached skill level 7 in Axes
  7761 | D:7      | Reached *** piety under Okawaru
  7909 | D:7      | Gained mutation: You are immune to freezing clouds.
                  | [demonic ancestry]
  7909 | D:7      | Reached XP level 9. HP: 60/70 MP: 9/9
  8384 | D:7      | Found a runed door.
  8384 | D:7      | Found a runed door.
  8384 | D:7      | Noticed a troll
  8432 | D:7      | Reached skill level 1 in Invocations
  8648 | D:7      | Reached skill level 8 in Axes
  8667 | D:7      | Reached skill level 5 in Armour
  8718 | D:7      | Reached **** piety under Okawaru
  8964 | D:7      | Reached skill level 1 in Stealth
  8981 | D:7      | Got a scorched bronze ring
  8984 | D:7      | Got a vibrating tin amulet
  8993 | D:7      | Got a faintly glowing steel amulet
  8996 | D:7      | Got a translucent copper ring
  9123 | D:7      | Identified the ring of Hith {rElec rF+ Dex+5} (You found it
                  | on level 7 of the Dungeon)
  9124 | D:7      | Identified the ring of Xom's Vengeance {+Fly rN+} (You
                  | found it on level 7 of the Dungeon)
  9125 | D:7      | Identified the amulet "Yleopsou" {Spirit Fragile MR+ Str+4
                  | Slay+2} (You found it on level 7 of the Dungeon)
  9126 | D:7      | Identified the amulet of Okhlesk {Reflect rPois Int+4 SH+3}
                  | (You found it on level 7 of the Dungeon)
  9469 | D:7      | Killed a troll
  9475 | D:7      | Gained mutation: You are mostly covered in rugged brown
                  | scales. (AC +2, +5% HP) [demonic ancestry]
  9475 | D:7      | Reached XP level 10. HP: 54/80 MP: 8/11
  9731 | D:8      | Reached skill level 9 in Axes
  9861 | D:8      | Found a shimmering altar of Xom.
  9885 | D:8      | Noticed a two-headed ogre
  9893 | D:8      | Killed a two-headed ogre
  9893 | D:8      | Reached ***** piety under Okawaru
  9972 | D:8      | Received a gift from Okawaru
 10132 | D:8      | Found a stormy altar of Qazlal.
 10365 | D:9      | Found an ancient bone altar of Kikubaaqudgha.
 10383 | D:9      | Found a burning altar of Makhleb.
 10525 | D:9      | Found an ornate altar of the Wu Jian Council.
 10726 | D:9      | Got a scintillating garnet amulet
 10926 | D:10     | Entered Level 10 of the Dungeon
 11001 | D:10     | Reached skill level 10 in Axes
 11083 | D:10     | Noticed an orc knight
 11103 | D:10     | Killed an orc knight
 11103 | D:10     | Gained mutation: You are completely covered in rugged brown
                  | scales. (AC +3, +7% HP) [demonic ancestry]
 11103 | D:10     | Reached XP level 11. HP: 67/90 MP: 12/12
 11265 | D:10     | Found Xicoa's Armour Emporium.
 11265 | D:10     | Found a staircase to the Orcish Mines.
 11266 | D:10     | Noticed a two-headed ogre
 11267 | D:10     | Found Kyolegug's Weapon Emporium.
 11277 | D:10     | Killed a two-headed ogre
 11449 | D:10     | Noticed Maurice
 11457 | D:10     | Killed Maurice
 11519 | D:10     | Identified the amulet "Atrinur" {+Rage Int+4} (You found it
                  | on level 9 of the Dungeon)
 11820 | Orc:1    | Entered Level 1 of the Orcish Mines
 11822 | Orc:1    | Noticed an orc knight
 12161 | Orc:1    | Killed an orc knight
 12304 | Orc:1    | Noticed an orc knight
 12328 | Orc:1    | Killed an orc knight
 12328 | Orc:1    | Reached ****** piety under Okawaru
 12328 | Orc:1    | Reached skill level 11 in Axes
 12366 | Orc:1    | Noticed an orc sorcerer
 12376 | Orc:1    | Killed an orc sorcerer
 12769 | Orc:2    | Entered Level 2 of the Orcish Mines
 12769 | Orc:2    | Found a staircase to the Elven Halls.
 13147 | Orc:2    | Noticed an orc sorcerer
 13155 | Orc:2    | Noticed an orc high priest
 13169 | Orc:2    | Killed an orc high priest
 13176 | Orc:2    | Noticed an orc high priest
 13259 | Orc:2    | Noticed an orc high priest
 13273 | Orc:2    | Killed an orc high priest
 13288 | Orc:2    | Killed an orc sorcerer
 13310 | Orc:2    | Killed an orc high priest
 13310 | Orc:2    | Received a gift from Okawaru
 13311 | Orc:2    | Noticed an orc knight
 13332 | Orc:2    | Killed an orc knight
 13333 | Orc:2    | Noticed an orc sorcerer
 13337 | Orc:2    | Killed an orc sorcerer
 13337 | Orc:2    | Received a gift from Okawaru
 13337 | Orc:2    | Reached XP level 12. HP: 81/100 MP: 11/13
 13355 | Orc:2    | Got an ancient ring mail {god gift}
 13488 | Orc:2    | Identified the +0 ring mail "Fecib" {*Contam rElec Str+3
                  | Dex+3} (Okawaru gifted it to you on level 2 of the Orcish
                  | Mines)
 13932 | Orc:2    | Paralysed by an orc sorcerer for 6 turns
 14051 | Orc:2    | Found Wuosioch's Jewellery Shoppe.
 14052 | Orc:2    | Paralysed by an orc sorcerer for 4 turns
 14094 | Orc:2    | Found Etiem's Gadget Shop.
 14217 | Orc:2    | Found Fatar's Magic Scroll Shop.
 14219 | Orc:2    | Found Anweg's Antique Armour Shoppe.
 14225 | Orc:2    | Bought a scroll of magic mapping for 45 gold pieces
 14225 | Orc:2    | Bought a scroll of identify for 26 gold pieces
 14225 | Orc:2    | Bought a scroll of enchant weapon for 97 gold pieces
 14225 | Orc:2    | Bought a scroll of identify for 26 gold pieces
 14225 | Orc:2    | Bought a scroll of identify for 26 gold pieces
 14472 | Orc:2    | Noticed a two-headed ogre
 14479 | Orc:2    | Killed a two-headed ogre
 14894 | D:11     | Reached skill level 12 in Axes
 15191 | D:11     | Found a staircase to the Lair.
 15215 | D:11     | Reached skill level 5 in Dodging
 15476 | D:11     | Reached skill level 5 in Stealth
 15549 | D:11     | Noticed a two-headed ogre
 15564 | D:11     | Killed a two-headed ogre
 15909 | D:12     | Noticed a two-headed ogre
 15918 | D:12     | Killed a two-headed ogre
 15918 | D:12     | Received a gift from Okawaru
 15974 | D:12     | Noticed a two-headed ogre
 15986 | D:12     | Killed a two-headed ogre
 16031 | D:12     | Found Eroinu Buena's Armour Shop.
 16043 | D:12     | Reached XP level 13. HP: 59/108 MP: 12/15
 16066 | D:12     | Noticed Nergalle
 16127 | D:12     | Killed Nergalle
 16527 | D:12     | Noticed Kirke
 16547 | D:12     | Killed Kirke
 16547 | D:12     | Received a gift from Okawaru
 16547 | D:12     | Reached skill level 13 in Axes
 16547 | D:12     | Reached skill level 10 in Shields
 17249 | D:12     | Noticed a sphinx
 17511 | D:13     | Found a hazy altar of Hepliaklqana.
 17533 | D:13     | Reached skill level 1 in Evocations
 17684 | D:13     | Found a roughly hewn altar of Beogh.
 17700 | D:13     | Reached skill level 10 in Fighting
 17940 | D:13     | You fall through a shaft for 2 floors!
 17940 | D:15     | Entered Level 15 of the Dungeon
 18107 | D:15     | Received a gift from Okawaru
 19787 | D:14     | Received a gift from Okawaru
 19787 | D:14     | Gained mutation: You have hoof-like feet. [demonic
                  | ancestry]
 19787 | D:14     | Reached XP level 14. HP: 118/118 MP: 16/16
 19959 | D:14     | Reached skill level 14 in Axes
 20129 | D:14     | Found a gate to the Vaults.
 20539 | Lair:1   | Entered Level 1 of the Lair of Beasts
 21358 | Lair:2   | Found a labyrinth entrance.
 21390 | Lair:2   | Found a frozen archway.
 21405 | IceCv    | Entered an ice cave
 21425 | IceCv    | Found a transporter.
 21437 | IceCv    | Found a transporter.
 21476 | IceCv    | Got a twisted glaive
 21530 | Lab      | Entered a labyrinth
 22340 | Lab      | Received a gift from Okawaru
 22661 | Lair:2   | Found a hole to the Spider Nest.
 22860 | Lair:2   | Found a staircase to the Swamp.
 23529 | Lair:3   | Received a gift from Okawaru
 24190 | Lair:4   | Reached skill level 15 in Axes
 24510 | Lair:4   | Received a gift from Okawaru
 24956 | Lair:5   | Reached XP level 15. HP: 113/127 MP: 15/18
 25342 | Lair:5   | Identified a scroll of acquirement
 25874 | Lair:6   | Entered Level 6 of the Lair of Beasts
 26521 | Lair:6   | Received a gift from Okawaru
 27354 | Lair:6   | Noticed Nessos
 27980 | Lair:6   | Killed Nessos
 28002 | Lair:6   | Found a viscous altar of Jiyva.
 28002 | Lair:6   | Found a staircase to the Slime Pits.
 28340 | Lair:6   | Reached skill level 16 in Axes
 28805 | D:15     | Found a staircase to the Depths.
 29431 | Depths:1 | Entered Level 1 of the Depths
 29431 | Depths:1 | Found a runed gate.
 29431 | Depths:1 | Found a runed gate.
 29431 | Depths:1 | Found a runed gate.
 29431 | Depths:1 | Noticed an ancient lich
 29433 | Depths:1 | Noticed Vamoegor's ghost (journeyman SpBe)
 29434 | Depths:1 | Noticed an ancient lich
 29441 | Depths:1 | Received a gift from Okawaru
 30084 | D:15     | Reached XP level 16. HP: 112/136 MP: 15/19
 30366 | Depths:1 | Noticed a lich
 30399 | D:15     | Killed a lich
 31739 | Depths:1 | Paralysed by an ogre mage for 3 turns
 31748 | D:15     | HP: 3/138 [stone giant (32)]
 32537 | Depths:1 | Found Busiu's Distillery.
 32551 | Depths:1 | Bought a potion of curing for 36 gold pieces
 32551 | Depths:1 | Bought a potion of curing for 36 gold pieces
 32706 | Depths:1 | Received a gift from Okawaru
 32898 | Depths:1 | Noticed a tengu reaver
 32918 | Depths:1 | Killed a tengu reaver
 33015 | Depths:1 | Found a one-way gate to the infinite horrors of the Abyss.
 33076 | Depths:1 | Found Mouhoerr's General Store.
 33082 | Depths:1 | Bought a potion of curing for 57 gold pieces
 33082 | Depths:1 | Bought a potion of curing for 57 gold pieces
 33082 | Depths:1 | Bought a potion of curing for 57 gold pieces
 33296 | Depths:1 | Found a gateway to Hell.
 33502 | Depths:1 | Reached skill level 17 in Axes
 33628 | Depths:1 | HP: 5/139 [stone giant (11)]
 33631 | Depths:1 | Demolished by a stone giant

Vault maps used:
D:1:      dpeg_arrival_stonehenge_8_columns, serial_bayou_lagoon_a
D:2:      serial_park_tiny_2
D:3:      okawaru_metal_pillars_3
D:4:      grunt_temple_overflow_open, minmay_temple_entry_glassed_door,
          uniq_sigmund
D:5:      lemuel_ice_spiral_2, grunt_gozag_statues, first_ration, uniq_pikel
D:6:      grunt_dithmenos_smoke
D:7:      minmay_the_grid_triangle_9x9_rhombus_full
D:8:      kennysheep_mini_moat, brannock_xom_greatest_gift
D:9:      nicolae_overflow_hidden_temple, lemuel_doored_altar, basic_altar
D:10:     orc_david_3, uniq_maurice
D:11:     david_lair_shrubbed
D:12:     minmay_expanding_circles, serial_shops, nicolae_shop_trees,
          uniq_kirke, uniq_nergalle
D:13:     basic_altar, blue_anna_alchemist
D:14:     hangedman_vaults_entry_quadrant_bands, hangedman_decor_growths
D:15:     hangedman_depths_entry_civil_slaughter, minmay_crystal_room
Lair:1:   cheibrodos_lair_river_kwai, serial_bayou_crossing,
          lemuel_fruit_fields, minmay_lair_oklob_chamber
Lair:2:   swamp_mist_pool, nicolae_spider_entry_orb_guardian, lab_entry_generic,
          portal_ice_cave_entry_ice_beasts, nicolae_lair_grove_arrangements
Lair:3:   special_room, beast_lair_carwin_6
Lair:5:   cheibrodos_lair_caveside_slide
Lair:6:   hangedman_lair_tendril_chambers, hangedman_lair_caniforms_friends,
          slime_altar_1, uniq_nessos
Orc:2:    st_orc_elflike
Depths:1: gammafunk_ghost_necromancy, serial_shops, shop,
          minmay_tree_intersection, pf_dread_powers_of_hell,
          abyss_entry_crystal, minmay_misc_feat_four_crosses,
          kennysheep_windowed_goal
Depths:2: regret_index_dithmenos_brocken_genspenst, infiniplex_staircase_pool_2,
          grunt_pan_entry_spiral, hell_entry, minmay_hollow_rounded_squares
Lab:      nicolae_lab_garden, lab_fountain, nicolae_lab_hexagon,
          labyrinth_skeletal_remains, nicolae_lab_t_cross
IceCv:    ice_cave_statue_garden_transporter

Skill      XL: |  1  2  3  4  5  6  7  8  9 10 11 12 13 14 15 16 |
---------------+-------------------------------------------------+-----
Axes           | 2 3 4 5 7 8 10 11 12 13 15 16 17 | 17.0
Shields        | 3 4 5 6 7 9 10 11 12 | 12.4
Armour         | 3 4 5 6 7 8 9 |  9.0
Dodging        | 1 2 3 4 5 6 7 8 |  8.5
Fighting       | 4 5 6 7 8 9 10 11 12 13 | 13.0
Invocations    | 2 3 4 |  4.8
Stealth        | 1 3 5 6 7 |  7.7
Evocations     | 1 |  1.3

Action                   |  1- 3 |  4- 6 |  7- 9 | 10-12 | 13-15 | 16-18 || total
-------------------------+-------+-------+-------+-------+-------+-------++-------
Melee: War axe           |    97 |   244 |   226 |       |       |       ||   567
       Kick              |       |       |   105 |   424 |   629 |   144 ||  1302
       Hand axe          |       |       |   171 |   763 |       |       ||   934
       Broad axe         |       |       |       |    31 |  1184 |   222 ||  1437
Invok: Heroism           |       |       |     4 |     7 |    20 |     5 ||    36
       Finesse           |       |       |       |       |     8 |       ||     8
Evoke: Wand              |       |       |       |       |     5 |       ||     5
  Use: Scroll            |       |       |    13 |    11 |    14 |     1 ||    39
       Potion            |       |       |     2 |       |     1 |     1 ||     4
 Stab: Distracted        |       |       |     1 |    16 |    14 |     7 ||    38
       Sleeping          |       |       |       |     8 |    15 |       ||    23
  Eat: Chunk             |     1 |    10 |    10 |    24 |    33 |    13 ||    91
       Ration            |       |       |     2 |       |     4 |       ||     6
Armor: Scale mail        |    57 |    26 |       |       |       |       ||    83
       Leather armour    |       |    61 |     8 |       |       |       ||    69
       Ring mail         |       |       |    76 |    86 |   284 |    84 ||   530
       Chain mail        |       |       |    70 |    95 |       |       ||   165
Dodge: Dodged            |    31 |    71 |   108 |   204 |   716 |   200 ||  1330
Block: Shield            |    52 |   139 |   191 |   395 |   859 |   205 ||  1841

Table legend:
 A = Non-vault XP
 B = Vault XP
 C = Vault XP percentage of total XP
 D = Non-vault monster count
 E = Vault monster count
 F = Vault count percentage of total count
                 A         B        C        D         E       F
            +---------+---------+-------+---------+---------+-------
      Total |  132068 |   64250 |  32.7 |     613 |     268 |  30.4
            +---------+---------+-------+---------+---------+-------
        D:1 |      77 |       0 |   0.0 |      24 |       0 |   0.0
        D:2 |      77 |       0 |   0.0 |      24 |       0 |   0.0
        D:3 |      74 |       0 |   0.0 |      18 |       0 |   0.0
        D:4 |     326 |     549 |  62.7 |      12 |       2 |  14.3
        D:5 |     234 |       0 |   0.0 |      12 |       0 |   0.0
        D:6 |    1176 |       0 |   0.0 |      30 |       0 |   0.0
        D:7 |     793 |    2333 |  74.6 |      15 |      22 |  59.5
        D:8 |    1999 |       0 |   0.0 |      24 |       0 |   0.0
        D:9 |    1295 |       0 |   0.0 |      23 |       0 |   0.0
       D:10 |    4182 |    1233 |  22.8 |      37 |       6 |  14.0
       D:11 |    5946 |     339 |   5.4 |      47 |       1 |   2.1
       D:12 |    8670 |    4229 |  32.8 |      42 |       7 |  14.3
       D:13 |    6378 |    1262 |  16.5 |      33 |      26 |  44.1
       D:14 |    7063 |    5696 |  44.6 |      18 |      15 |  45.5
       D:15 |   34216 |    8073 |  19.1 |      60 |       9 |  13.0
     Lair:1 |    1455 |    3241 |  69.0 |       7 |       8 |  53.3
     Lair:2 |    4540 |    1568 |  25.7 |      19 |       9 |  32.1
     Lair:3 |    4001 |    2319 |  36.7 |      17 |      27 |  61.4
     Lair:4 |    8514 |       0 |   0.0 |      30 |       0 |   0.0
     Lair:5 |    7386 |       0 |   0.0 |      18 |       0 |   0.0
     Lair:6 |    2911 |   21586 |  88.1 |      11 |      91 |  89.2
      Orc:1 |    3089 |       0 |   0.0 |      32 |       0 |   0.0
      Orc:2 |    2212 |    7909 |  78.1 |      25 |      25 |  50.0
   Depths:1 |   24223 |     100 |   0.4 |      34 |       2 |   5.6
        Lab |    1231 |    1442 |  53.9 |       1 |       8 |  88.9
      IceCv |       0 |    2371 | 100.0 |       0 |      10 | 100.0
            +---------+---------+-------+---------+---------+-------
